 Dungeon Crawl Stone Soup version 0.23-b1-86-gba62f8e092 (webtiles) character file.

Game seed: 10340091054582105850

184 Phantomfrettchen the Insei (level 5, -6/42 HPs)
             Began as a Demonspawn Chaos Knight on Feb 7, 2019.
             Was a Plaything of Xom.
             Mangled by an ogre
             ... wielding a +0 giant spiked club
              (15 damage)
             ... on level 3 of the Dungeon.
             The game lasted 00:15:52 (2686 turns).

Phantomfrettchen the Insei (DsCK)                   Turns: 2686, Time: 00:15:52

Health: -6/42      AC:  7    Str: 17    XL:     5   Next: 36%
Magic:  0/5        EV: 11    Int: 14    God:    Xom [..*...]
Gold:   79         SH:  0    Dex: 16    Spells: 4/4 levels left

rFire    . . .     SeeInvis .   (no weapon)
rCold    . . .     Gourm    .   (no shield)
rNeg     . . .     Faith    .   a - +2 leather armour
rPois    .         Spirit   +   (no helmet)
rElec    .         Reflect  .   (no cloak)
rCorr    .         Harm     .   (no gloves)
MR       .....                  (no boots)
Stlth    +.........             (no amulet)
HPRegen  0.14/turn              h - +3 ring of dexterity
MPRegen  0.09/turn              n - +5 ring of strength

@: extremely drained
A: slimy green scales 1, magic shield
a: Renounce Religion


You were on level 3 of the Dungeon.
You worshipped Xom.
You were a toy of Xom.
You were not hungry.

You visited 1 branch of the dungeon, and saw 3 of its levels.

You collected 79 gold pieces.

Inventory:

Hand Weapons
 s - a +0 dagger of electrocution
Missiles
 c - 84 arrows
 f - 49 stones (quivered)
 q - 44 poisoned needles
Armour
 a - a +2 leather armour (worn)
Jewellery
 h - a +3 ring of dexterity (left hand)
 j - an uncursed amulet of harm
 n - a +5 ring of strength (right hand)
Scrolls
 e - 4 scrolls of identify
 g - 2 scrolls of magic mapping
 i - a scroll of enchant weapon
 l - 2 scrolls of remove curse
 o - 2 scrolls of amnesia
 r - a scroll of teleportation
Potions
 m - a potion of curing
Comestibles
 b - 7 rations
 k - a chunk of flesh


   Skills:
 + Level 3.7(0.0) Fighting
 + Level 0.3(0.0) Throwing
 + Level 2.7(0.0) Armour
 + Level 1.6(0.0) Dodging
 + Level 0.5(0.0) Stealth
 + Level 4.3(0.0) Unarmed Combat


You had 4 spell levels left.
You didn't know any spells.
Your spell library was empty.

Dungeon Overview and Level Annotations

Branches:
Dungeon (3/15)

Altars:
Yredelemnul


Innate Abilities, Weirdness & Mutations

You are partially covered in slimy green scales. (AC +2)
When hurt, damage is shared between your health and your magic reserves.


Message History

The ogre is almost dead.
The helpless ogre fails to defend itself.
You hit the ogre.
The ogre is almost dead.
The helpless ogre fails to defend itself.
You hit the ogre.
The ogre is almost dead.
The helpless ogre fails to defend itself.
You hit the ogre.
The ogre is almost dead.
The ogre is no longer petrified.
The ogre barely misses you.
You barely miss the ogre.
The ogre is almost dead.
You hit the ogre but do no damage.
The ogre is almost dead.
The ogre closely misses you.
You hit the ogre but do no damage.
The ogre is almost dead.
The ogre hits you with a +0 giant spiked club!!
You die...

############.##############..#.
#.............## #..#.
#.########.....# #..#.
#.#########...######### #..#.
#.#...................## #..##
#....######..########..####..##
##....)## #..#########.........
#.......####..#.O.............##
#.............#@#####..#####...#
#.......#####.#.# .......##.....
##.....## ###.#.##..............
##...## #.....##.......##.....
##.######.....##.............#
#.# #.รท...............#######
#.# #.##.....##.......# #.#
#.##.....# .. . #.# #.####.#.# #


You could see an ogre.

Vanquished Creatures
  Natasha (twice) (D:3)
  An orc wizard (D:3)
  2 adders
  An ooze (D:2)
  2 worms (D:2)
  A dart slug (D:1)
  A leopard gecko (D:1)
  4 orcs (D:3)
  9 giant cockroaches
  9 goblins
  6 hobgoblins
  3 jackals (D:3)
  A kobold (D:1)
  2 quokkas (D:3)
  7 bats
  5 frilled lizards
  10 rats
66 creatures vanquished.

Vanquished Creatures (collateral kills)
  Natasha (D:3)
  A leopard gecko (D:3)
2 creatures vanquished.

Grand Total: 68 creatures vanquished

Notes
Turn   | Place    | Note
-------+----------+-------------------------------------------
     0 | D:1      | Phantomfrettchen the Demonspawn Chaos Knight began the
                  | quest for the Orb.
     0 | D:1      | Reached XP level 1. HP: 18/18 MP: 1/1
    34 | D:1      | XOM: potion effect (berserk rage)
    35 | D:1      | XOM: harmless Tloc miscast
    85 | D:1      | XOM: harmless Air miscast
   110 | D:1      | XOM: silly message
   175 | D:1      | Reached skill level 3 in Unarmed Combat
   187 | D:1      | Gained mutation: When hurt, damage is shared between your
                  | health and your magic reserves. [demonic ancestry]
   187 | D:1      | Reached XP level 2. HP: 24/24 MP: 2/2
   480 | D:1      | Reached skill level 1 in Dodging
   686 | D:1      | Reached XP level 3. HP: 25/29 MP: 1/3
   715 | D:1      | XOM: harmless Necr miscast
   950 | D:2      | XOM: harmless Tmut miscast
   959 | D:2      | XOM: butterfly on damage
  1275 | D:2      | HP: 1/29 [worm (5)]
  1342 | D:2      | HP: 1/29 [worm (6)]
  1388 | D:2      | XOM: potion effect (might)
  1529 | D:2      | XOM: divination: magic mapping
  1694 | D:2      | Gained mutation: You are partially covered in slimy green
                  | scales. (AC +2) [demonic ancestry]
  1694 | D:2      | Reached XP level 4. HP: 16/35 MP: 1/4
  2016 | D:3      | XOM: harmless Ice miscast
  2035 | D:3      | XOM: mild Chrm miscast
  2091 | D:3      | Noticed Natasha
  2103 | D:3      | Killed Natasha
  2103 | D:3      | Reached skill level 4 in Unarmed Combat
  2107 | D:3      | HP: 1/35 [adder (2)]
  2254 | D:3      | XOM: mild Air miscast
  2332 | D:3      | XOM: smoke on damage
  2345 | D:3      | XOM: potion effect (magic)
  2363 | D:3      | Reached XP level 5. HP: 12/41 MP: 3/5
  2424 | D:3      | Found a basalt altar of Yredelemnul.
  2468 | D:3      | Noticed Natasha
  2484 | D:3      | XOM: summons friendly shadow imp
  2494 | D:3      | Killed Natasha
  2612 | D:3      | Noticed Natasha
  2619 | D:3      | XOM: summons 2 friendly demons
  2621 | D:3      | Killed Natasha
  2631 | D:3      | Noticed an ogre
  2663 | D:3      | XOM: enchant monster (good)
  2686 | D:3      | Mangled by an ogre

Skill      XL: |  1  2  3  4 |
---------------+-------------+-----
Unarmed Combat | 3 4 |  4.3
Dodging        | 1 |  1.6
Armour         | 2 |  2.7
Fighting       | |  3.7
Throwing       | |  0.3
Stealth        | |  0.5

Action                   |  1- 3 |  4- 6 || total
-------------------------+-------+-------++-------
Melee: Unarmed           |   173 |   167 ||   340
       Punch             |     2 |       ||     2
Throw: Stone             |    17 |       ||    17
  Use: Potion            |     2 |     5 ||     7
       Scroll            |       |     6 ||     6
 Stab: Sleeping          |       |     1 ||     1
       Petrified         |       |    16 ||    16
  Eat: Chunk             |     2 |     4 ||     6
Armor: Leather armour    |    71 |    58 ||   129
Dodge: Dodged            |   125 |    48 ||   173
